 Dungeon Crawl Stone Soup version 0.32-a0-643-ga006e7742e (webtiles) character file.

Game seed: 17039015622894891974

169743 sleeves the Impaler (level 17, -5/145 HPs)
             Began as a Naga Artificer on Mar 7, 2024.
             Was the Champion of Hepliaklqana.
             Slain by a nagaraja
             ... wielding a +2 heavy halberd
              (19 damage)
             ... on level 4 of the Snake Pit on Mar 8, 2024.
             The game lasted 01:15:04 (36847 turns).

sleeves the Impaler (Naga Artificer)               Turns: 36847, Time: 01:15:05

Health: -5/145     AC: 23    Str: 21    XL:     17   Next: 97%
Magic:  25/26      EV: 10    Int: 14    God:    Hepliaklqana [******]
Gold:   1954       SH:  0    Dex: 11    Spells: 16/16 levels left

rFire   + . .        m - +2 halberd (vamp)
rCold   + . .        (shield currently unavailable)
rNeg    + . .        C - +0 acid dragon scales
rPois   +            i - -2 hat of the Alchemist {rElec rPois rF+ rC+ rN+ Will+ rMut rCorr}
rElec   +            N - +0 cloak
rCorr   +            X - +2 pair of gloves {hurl}
SInv    +            p - +2 barding {Stlth+}
Will    ++++.        L - amulet of magic regeneration
Stlth   ++           r - ring "Xahor" {+Blink rCorr Slay+2}
HPRegen 0.44/turn    v - ring of willpower
MPRegen 0.60/turn

%: resist mutation
@: lethally poisoned (-5 -> -9), weakened, very slow
A: reduced essence, AC +5, large, see invisible, deformed body, poison
resistance, slowness 2, spit poison 1, naga tail 2
a: Spit Poison, Renounce Religion, Evoke Blink, Recall Ancestor, Ancestor
Identity, Transference, Idealise


You were on level 4 of the Snake Pit.
You worshipped Hepliaklqana.
Hepliaklqana was exalted by your worship.
You visited 5 branches of the dungeon, and saw 27 of its levels.
You also visited: Bailey.

You collected 2682 gold pieces.
You spent 728 gold pieces at shops.

Inventory:

Hand Weapons
 m - a +2 vampiric halberd (weapon)
   (You took it off a naga ritualist on level 3 of the Snake Pit)
 w - the +1 halberd of Earthquakes {freeze, rF++ Str-4 Dex+6}
   (You took it off a centaur warrior on level 15 of the Dungeon)

   Str-4:     It affects your strength (-4).
   Dex+6:     It affects your dexterity (+6).
   rF++:      It greatly protects you from fire.
 P - a +2 halberd of protection
   (You took it off a gnoll on level 9 of the Dungeon)
 Z - a +2 demon trident of venom
   (You took it off a red devil on level 5 of the Lair of Beasts)
Missiles
 B - 23 curare-tipped darts
Armour
 i - the -2 hat of the Alchemist (worn) {rElec rPois rF+ rC+ rN+ Will+ rMut rCorr}
   (You found it on level 14 of the Dungeon)

   rF+:       It protects you from fire.
   rC+:       It protects you from cold.
   rElec:     It insulates you from electricity.
   rPois:     It protects you from poison.
   rN+:       It protects you from negative energy.
   Will+:     It increases your willpower.
   rCorr:     It protects you from acid and corrosion.
   rMut:      It protects you from mutation.
 p - a +2 barding of stealth (worn)
   (You took it off Vashnia on level 3 of the Snake Pit)
 C - +0 acid dragon scales (worn)
   (You found it on level 13 of the Dungeon)
 N - a +0 cloak (worn)
   (You took it off Maurice on level 9 of the Dungeon)
 W - a +1 tower shield of reflection
   (You took it off Louise on level 15 of the Dungeon)
 X - a +2 pair of gloves of hurling (worn)
   (You found it on level 12 of the Dungeon)
Jewellery
 l - a ring of positive energy
   (You found it on level 11 of the Dungeon)
 r - the ring "Xahor" (left hand) {+Blink rCorr Slay+2}
   (You found it on level 3 of the Lair of Beasts)

   [ring of resist corrosion]

   Slay+2:    It affects your accuracy & damage with ranged weapons and melee
   (+2).
   +Blink:    It lets you blink.
   rCorr:     It protects you from acid and corrosion.
 v - a ring of willpower (right hand)
   (You found it on level 4 of the Dungeon)
 L - an amulet of magic regeneration (around neck)
   (You found it on level 8 of the Dungeon)
 S - a ring of protection from cold
   (You found it on level 10 of the Dungeon)
Wands
 c - a wand of flame (98)
 d - a wand of charming (11)
 e - a wand of iceblast (2)
 D - a wand of mindburst (13)
   (You found it on level 1 of the Lair of Beasts)
 H - a wand of polymorph (38)
   (You found it on level 7 of the Dungeon)
 O - a wand of warping (15)
   (You took it off Maurice on level 9 of the Dungeon)
 U - a wand of digging (7)
   (You found it on level 12 of the Dungeon)
 V - a wand of paralysis (16)
   (You found it on level 12 of the Dungeon)
Scrolls
 g - 3 scrolls of enchant armour
 h - a scroll of blinking
 n - 3 scrolls of poison
 t - 4 scrolls of immolation
 y - 9 scrolls of teleportation
 A - a scroll of fear
 E - 4 scrolls of amnesia
 G - a scroll of brand weapon
 I - 3 scrolls of fog
 J - 7 scrolls of revelation
 M - 3 scrolls of enchant weapon
 R - 2 scrolls of silence
Potions
 a - 4 potions of heal wounds
 b - a potion of berserk rage {unknown}
 f - 2 potions of enlightenment
 j - a potion of magic {unknown}
 k - 14 potions of curing
 o - 9 potions of haste
 q - 4 potions of brilliance
 s - 5 potions of mutation
 u - a potion of ambrosia {unknown}
 x - 3 potions of attraction
 F - 2 potions of lignification {unknown}
 K - 4 potions of cancellation {unknown}
 Q - 7 potions of might
 T - a potion of invisibility {unknown}
Miscellaneous
 z - a lightning rod (4/4)
   (You found it on level 12 of the Dungeon)
 Y - a sack of spiders
   (You found it on level 12 of the Dungeon)


   Skills:
 + Level 12.5 Fighting
 - Level 16.0 Polearms
 + Level 11.8 Armour
 - Level 10.0 Dodging
 - Level 2.0 Stealth
 - Level 12.0 Invocations
 - Level 15.0 Evocations


You had 16 spell levels left.
You didn't know any spells.
Your spell library contained the following spells:

 Spells                   Type           Power      Damage    Failure   Level
 Magic Dart               Conj           0%         1d3       34%         1
 Shock                    Conj/Air       0%         1d3       34%         1
 Sting                    Conj/Alch      0%         1d3       34%         1
 Blink                    Tloc           0%         N/A       45%         2
 Call Imp                 Summ           0%         N/A       45%         2
 Mercury Vapours          Alch/Air       0%         N/A       45%         2
 Scorch                   Fire           0%         2d5       45%         2
 Sublimation of Blood     Necr           0%         N/A       45%         2
 Call Canine Familiar     Summ           0%         N/A       71%         3
 Mephitic Cloud           Conj/Alch/Air  0%         N/A       71%         3
 Sigil of Binding         Hex            0%         N/A       71%         3
 Stone Arrow              Conj/Erth      0%         3d7       71%         3
 Tukima's Dance           Hex            0%         N/A       71%         3
 Animate Armour           Summ/Erth      0%         N/A       98%         4
 Dimensional Bullseye     Hex/Tloc       0%         N/A       98%         4
 Flame Wave               Conj/Fire      0%         2d4       98%         4
 Ignite Poison            Fire/Alch      0%         N/A       98%         4
 Iskenderun's Mystic Bla  Conj/Tloc      0%         2d3       98%         4
 Olgreb's Toxic Radiance  Alch           0%         N/A       98%         4
 Petrify                  Alch/Erth      0%         N/A       98%         4
 Sticky Flame             Fire/Alch      0%         2d4       98%         4
 Alistair's Intoxication  Alch           0%         N/A       100%        5
 Borgnjor's Vile Clutch   Necr/Erth      0%         N/A       100%        5
 Freezing Cloud           Conj/Ice/Air   0%         6-21      100%        5
 Irradiate                Conj/Alch      0%         3d11      100%        5
 Dispersal                Tloc           0%         N/A       100%        6
 Eringya's Noxious Bog    Alch           0%         4d6       100%        6
 Starburst                Conj/Fire      0%         6d3       100%        6
 Summon Cactus Giant      Summ           0%         N/A       100%        6
 Ignition                 Fire           0%         3d3       100%        8
 Lehudib's Crystal Spear  Conj/Erth      0%         10d2      100%        8


Dungeon Overview and Level Annotations

Branches:
Dungeon (15/15)            Temple (1/1) D:5            Lair (5/5) D:8
  Swamp (0/4) Lair:2        Snake (4/4) Lair:2        Slime (0/5) Lair:4
    Orc (2/2) D:12            Elf (0/3) Orc:2        Vaults (0/5) D:13
 Depths (0/4) D:15         Bailey (visited)

Altars:
Ashenzari
Cheibriados
Dithmenos
Elyvilon
Fedhas
Gozag
Hepliaklqana
Kikubaaqudgha
Makhleb
Nemelex Xobeh
Okawaru
Qazlal
Ru
Sif Muna
Trog
Uskayaw
Vehumet
Wu Jian
Xom
Yredelemnul
Zin
The Shining One
Jiyva

Shops:
D:5 *   D:15 ?*[=   Orc:2 =[*   Snake:1 ?=

Portals:
Hell: Lair:5

Annotations:
D:13 3 runed translucent doors, Sirjeffry24's ghost, journeyman CoHu
D:14 Roxanne
Lair:2 3 runed translucent doors, Chish's ghost, journeyman NaHu; Ugeubom's ghost, journeyman DrSh
Snake:4 3 runed translucent doors, Gryn's ghost, adept GnCA


Innate Abilities, Weirdness & Mutations

Your life essence is reduced to manifest your ancestor. (-10% HP)
Your serpentine skin is tough. (AC +5)
You have supernaturally acute eyesight. (SInv)
Armour fits poorly on your strangely shaped body.
Your system is resistant to poisons. (rPois)
You cover ground very slowly.
You can spit poison.
You can use your snake-like lower body to constrict enemies.


Message History

You are no longer poisoned.
You are poisoned.
The naga ritualist barely misses you. The mana viper bites you.
You feel your power leaking away.
You puncture the mana viper!
You feel better.
You kill the mana viper!
You feel sick.
You are more poisoned.
The naga ritualist closely misses you.
You reach to attack!
You hit the naga ritualist.
You feel better.
The naga ritualist is lightly wounded.
You feel sick.
You are more poisoned.
You reach to attack!
You puncture the naga ritualist!
You feel better.
The naga ritualist is moderately wounded.
You feel sick. The naga ritualist spits poison at you.
The splash of poison hits you. You resist.
You reach to attack!
You impale the naga ritualist!!
You feel better.
The naga ritualist is severely wounded.
You feel sick.
You are more poisoned.
The naga ritualist hits you from afar with a +0 glaive!
You reach to attack!
You barely miss the naga ritualist.
The naga ritualist is severely wounded.
You feel sick.
You are more poisoned.
You reach to attack!
You puncture the naga ritualist!
You feel better.
The naga ritualist is almost dead.
You feel sick. The naga ritualist spits poison at you.
The splash of poison hits you but does no damage.
You resist.
You reach to attack!
You closely miss the naga ritualist.
The naga ritualist is almost dead.
You feel sick.
You are more poisoned.
The naga ritualist hits you from afar with a +0 glaive!
You reach to attack!
You puncture the naga ritualist!
You feel better.
You kill the naga ritualist!
You feel sick.
Your Fighting skill increases to level 12!
No target in view!
No target in view!
You feel sick.
You feel sick.
You feel sick.
Items here: )))) ÷÷.
You feel sick.
You feel sick.
You are no longer poisoned.
You see here a +0 ring mail.
There is a stone staircase leading up, spattered with blood here.
Qaups emerges from the mists of memory!
Magic restored.
You see here a black mamba skeleton.
You swap places.
You see here a black mamba skeleton.
There is a stone staircase leading up, spattered with blood here.
Items here: )))) ÷÷.
There is an open door here.
You see here a black mamba corpse.
Things that are here:
a +0 glaive; a +0 robe A naga comes into view.
It is wielding a +0 halberd and carrying a wand of paralysis.
The naga shouts!
You hear a shout! x3
The naga spits poison at you.
The splash of poison hits you but does no damage.
You resist.
You hear a shout!
A naga is nearby!
You swap places.
You hear a shout!
The naga completely misses you.
You reach to attack!
You impale the naga!!
The naga is severely wounded.
You reach to attack!
You slice the naga!!
You kill the naga!
No target in view!
A nagaraja and a naga come into view.
The nagaraja is wielding a +2 flail of protection.
The nagaraja shouts!
The naga shouts!
The naga spits poison at you.
The splash of poison hits you but does no damage.
You resist.
A naga comes into view. It is wielding a +0 war axe.
Qaups closely misses the naga.
Qaups hits the naga with a +0 broad axe of flaming.
Qaups burns the naga.
Qaups hits the naga with a +0 broad axe of flaming!
Qaups burns the naga.
You start waiting.
A naga is nearby!
You hit the naga. Your grab misses the naga.
The naga is almost dead.
You closely miss the naga. You grab the naga.
The naga is almost dead.
You constrict the naga.
You kill the naga!
No target in view!
The nagaraja gestures at you while chanting.
Qaups blocks the poison arrow.
Qaups hits the nagaraja but does no damage.
Qaups blocks the nagaraja's attack.
Things that are here:
a +0 trident; a naga corpse You reach to attack!
You hit the nagaraja.
The nagaraja is lightly wounded.
The nagaraja barely misses Qaups.
Qaups hits the nagaraja with a +0 broad axe of flaming.
Qaups burns the nagaraja.
You reach to attack!
You closely miss the nagaraja.
The nagaraja is lightly wounded.
A naga mage comes into view. It is wielding a +0 club.
The nagaraja points at you and mumbles some strange words.
Qaups is firmly anchored in space.
You reach to attack!
You hit the nagaraja but do no damage.
The nagaraja is lightly wounded.
A salamander comes into view. It is wielding a +0 trident.
Qaups closely misses the nagaraja.
Qaups hits the naga with a +0 broad axe of flaming.
Qaups burns the naga.
You reach to attack!
You hit the nagaraja.
The nagaraja is lightly wounded.
The nagaraja points at you and mumbles some strange words.
The bolt of poison hits Qaups.
Qaups completely resists.
The bolt of poison misses you.
You closely miss the naga. You grab the naga.
The naga is lightly wounded.
You constrict the naga.
Qaups blocks the nagaraja's attack.
You puncture the naga!
The naga is severely wounded.
You constrict the naga.
Qaups barely misses the nagaraja.
Qaups hits the naga with a +0 broad axe of flaming.
Qaups burns the naga.
The naga hits you with a +0 war axe!
The naga closely misses Qaups.
The naga barely misses you.
You puncture the naga!
You kill the naga!
The nagaraja hits Qaups with a +2 flail of protection!!
You reach to attack!
You hit the nagaraja but do no damage.
The nagaraja is lightly wounded.
Qaups barely misses the nagaraja.
Qaups hits the naga mage with a +0 broad axe of flaming.
Qaups burns the naga mage.
The nagaraja barely misses Qaups.
You hit the naga mage.
You feel better.
You grab the naga mage.
The naga mage is moderately wounded.
You constrict the naga mage. You hit the naga mage.
You feel better.
The naga mage is heavily wounded.
You constrict the naga mage.
The nagaraja barely misses Qaups.
Qaups misses the nagaraja.
Qaups hits the salamander with a +0 broad axe of flaming!
Qaups hits the naga mage with a +0 broad axe of flaming.
Qaups burns the naga mage.
The naga mage closely misses you. x2
You puncture the naga mage!
You feel better.
The naga mage is severely wounded.
You constrict the naga mage.
The salamander hits you but does no damage.
The nagaraja hits Qaups but does no damage.
You hit the naga mage but do no damage.
The naga mage is almost dead.
You constrict the naga mage. The naga mage spits poison at you.
The splash of poison hits you but does no damage.
You resist.
Qaups closely misses the nagaraja.
Qaups hits the salamander with a +0 broad axe of flaming.
Qaups hits the naga mage with a +0 broad axe of flaming.
Qaups burns the naga mage.
The nagaraja casts a spell at you.
The bolt of poison hits Qaups.
Qaups completely resists.
The bolt of poison misses you.
The salamander hits you from afar with a +0 trident!
You are engulfed in flames.
You resist.
You catch the helpless naga mage completely off-guard!
You hit the naga mage.
You feel better.
You kill the naga mage!
You reach to attack!
You slice the salamander!!
The salamander is heavily wounded.
Qaups blocks the nagaraja's attack.
The salamander hits you but does no damage.
Qaups hits the nagaraja with a +0 broad axe of flaming.
Qaups burns the nagaraja.
Qaups hits the salamander with a +0 broad axe of flaming!
You reach to attack!
You slash the salamander!
You feel better.
You kill the salamander!
The nagaraja hits Qaups with a +2 flail of protection.
You reach to attack!
You closely miss the nagaraja.
The nagaraja is lightly wounded.
Qaups hits the nagaraja with a +0 broad axe of flaming!
Qaups burns the nagaraja.
You reach to attack!
You puncture the nagaraja!
The nagaraja is moderately wounded.
The nagaraja completely misses Qaups.
You reach to attack!
You puncture the nagaraja!
The nagaraja is heavily wounded.
Qaups blocks the nagaraja's attack.
Qaups closely misses the nagaraja.
You reach to attack!
You hit the nagaraja.
The nagaraja is heavily wounded.
You reach to attack!
You closely miss the nagaraja.
The nagaraja is heavily wounded.
The nagaraja hits Qaups with a +2 flail of protection!
A naga mage comes into view. It is wielding a +0 whip.
You reach to attack!
You puncture the nagaraja!
You feel better.
The nagaraja is severely wounded.
Qaups hits the nagaraja with a +0 broad axe of flaming!!
Qaups burns the nagaraja.
The nagaraja casts a spell at you.
Qaups resists with significant effort.
You reach to attack!
You barely miss the nagaraja.
The nagaraja is almost dead.
Qaups blocks the nagaraja's attack.
You swap places.
The nagaraja spits poison at you. The splash of poison misses you.
The naga mage casts a spell at the nagaraja.
The nagaraja's venom grows more potent.
You hit the nagaraja.
You feel better.
You grab the nagaraja.
The nagaraja is almost dead.
You constrict the nagaraja. The nagaraja casts a spell at you.
The poison arrow misses you.
You hear a shout!
You hit the nagaraja.
You kill the nagaraja!
Qaups closely misses the naga mage.
The naga mage hits Qaups but does no damage.
You reach to attack!
You puncture the naga mage!
The naga mage is moderately wounded.
The naga mage points at you and mumbles some strange words.
The bolt of poison hits Qaups.
Qaups completely resists.
The bolt of poison hits you. You resist.
You reach to attack!
You hit the naga mage.
You feel better.
The naga mage is moderately wounded.
Qaups hits the naga mage with a +0 broad axe of flaming.
Qaups burns the naga mage.
You reach to attack!
You impale the naga mage!!
You feel better.
You kill the naga mage!
No target in view!
Things that are here:
a +0 trident; a naga corpse
Things that are here:
a +0 glaive; a +0 robe You see here a black mamba corpse.
There is an open door here.
Ancestor HP restored.
Items here: )))) ÷÷.
You swap places.
Items here: )))) ÷÷.
A naga mage comes into view. It is wielding a +0 spear.
There is an open door here.
A naga mage is nearby!
A naga mage is nearby!
A naga warrior comes into view.
It is wielding a +0 short sword and wearing a +1 kite shield of reflection.
The naga mage points at the naga warrior and mumbles some strange words.
The naga warrior shouts!
The naga warrior's venom grows more potent.
You see here a black mamba corpse.
The naga mage spits poison at you. The splash of poison hits you. You resist.
Things that are here:
a +0 glaive; a +0 robe The naga mage spits poison at you.
The splash of poison misses you.
Qaups blocks the splash of poison.
You reach to attack!
You puncture the naga mage!
The naga mage is heavily wounded.
The naga warrior roars a battlecry!
The naga mage goes into a battle-frenzy!
You reach to attack!
You puncture the naga mage!
The naga mage is almost dead.
The naga mage gestures at you while chanting.
The bolt of poison hits you.
You are poisoned.
You resist.
You reach to attack!
You barely miss the naga mage.
The naga mage is almost dead.
You feel very sick.
You reach to attack!
The naga warrior blocks your attack.
You feel sick.
Qaups hits the naga warrior with a +0 broad axe of flaming!
Qaups burns the naga warrior.
You reach to attack!
You hit the naga warrior.
The naga warrior is lightly wounded.
You feel sick.
You reach to attack!
You hit the naga mage.
The naga mage is almost dead.
You feel sick.
Qaups barely misses the naga mage.
Qaups hits the naga warrior but does no damage.
You reach to attack!
You slash the naga mage!
You kill the naga mage!
You feel sick.
The naga warrior hits Qaups with a +0 short sword.
You reach to attack!
You impale the naga warrior!!
You feel better.
The naga warrior is heavily wounded.
You feel sick.
The naga warrior blocks Qaups's attack.
The naga warrior hits Qaups but does no damage.
You reach to attack!
You hit the naga warrior but do no damage.
The naga warrior is heavily wounded.
You feel sick.
You reach to attack!
You slash the naga warrior!
The naga warrior is severely wounded.
You feel sick.
Qaups blocks the naga warrior's attack.
The naga warrior blocks Qaups's attack.
You reach to attack!
The naga warrior blocks your attack.
The naga warrior is severely wounded.
You feel sick.
The naga warrior completely misses Qaups.
You reach to attack!
The naga warrior blocks your attack.
The naga warrior is severely wounded.
You feel sick.
Qaups hits the naga warrior with a +0 broad axe of flaming!
Qaups burns the naga warrior.
The naga warrior hits Qaups but does no damage.
You reach to attack!
The naga warrior blocks your attack.
The naga warrior is almost dead.
You feel sick.
You reach to attack!
The naga warrior blocks your attack.
The naga warrior is almost dead.
The naga warrior hits Qaups with a +0 short sword.
Qaups hits the naga warrior with a +0 broad axe of flaming!
Qaups burns the naga warrior.
The naga warrior dies!
No target in view!
You feel sick.
You feel sick.
You feel sick.
You are no longer poisoned.
HP restored.
You swap places.
Things that are here:
a +0 short sword; a +1 kite shield of reflection; a naga corpse
Things that are here:
a +0 trident; a naga corpse
Things that are here:
a +2 flail of protection; a +0 robe A naga comes into view.
It is wielding a +0 battleaxe of flaming.
The naga shouts!
What are your orders? t - Shout!
Orders for allies: a - Attack new target. r - Retreat! s - Stop attacking. g - Guard the area. f - Follow me.
Anything else - Cancel.
Follow me!
A naga sharpshooter comes into view. It is wielding a +0 trident.
The naga sharpshooter unwields a +0 trident.
The naga sharpshooter wields a +0 arbalest.
The naga sharpshooter mumbles some strange words.
The naga sharpshooter magically shoots a bolt.
The bolt hits you!
You swap places.
A naga sharpshooter comes into view. It is wielding a +0 scimitar.
Items here: $ ) / †.
You hit the naga.
You feel better.
Your grab misses the naga.
The naga is lightly wounded.
The naga hits you but does no damage.
You barely miss the naga. You grab the naga.
The naga is lightly wounded.
You constrict the naga.
The naga struggles to escape constriction.
You puncture the naga!
You feel better.
The naga is almost dead.
You constrict the naga. You hit the naga.
You feel better.
The naga is almost dead.
You constrict the naga, but do no damage.
The naga spits poison at you.
The splash of poison hits you but does no damage.
You resist.
You hit the naga but do no damage.
The naga is almost dead.
You constrict the naga.
You kill the naga!
The naga sharpshooter gestures wildly while chanting.
The naga sharpshooter magically shoots a bolt.
The bolt hits you!!
You reach to attack!
You slice the naga sharpshooter!!
You feel better.
The naga sharpshooter is moderately wounded.
The naga sharpshooter unwields a +0 scimitar.
The naga sharpshooter wields a +0 arbalest.
The naga sharpshooter shoots a bolt.
The bolt hits you.
A naga comes into view. It is wielding a +0 war axe.
You reach to attack!
The naga shouts!
You hit the naga sharpshooter.
You feel better.
The naga sharpshooter is moderately wounded.
The naga sharpshooter shoots a bolt.
The bolt hits you!
The naga sharpshooter shoots a bolt.
The bolt hits you.
The naga sharpshooter shoots a bolt.
The bolt hits you!
The naga sharpshooter shoots a bolt.
The bolt hits Qaups!!
Qaups hits the naga sharpshooter with a +0 broad axe of flaming!
Qaups burns the naga sharpshooter.
The naga sharpshooter shoots a bolt.
The bolt hits Qaups.
The naga sharpshooter spits poison at you.
The splash of poison hits you but does no damage.
You resist.
The naga sharpshooter mumbles some strange words.
The naga sharpshooter magically shoots a bolt.
The bolt hits you!!
Items here: $ ) / †.
You are too injured to fight recklessly!
Reach: m) +2 halberd (vamp)
Press: ? - help, Dir - move target, f/p - naga sharpshooter
Aim: a naga sharpshooter, wielding a +0 arbalest (severely wounded, ally target, about 30% to evade your +2 vampiric halberd)
You reach to attack!
You closely miss the naga sharpshooter.
The naga sharpshooter is severely wounded.
Qaups hits the naga sharpshooter with a +0 broad axe of flaming!
Qaups burns the naga sharpshooter.
The naga sharpshooter shoots a bolt.
The bolt hits you!
* * * LOW HITPOINT WARNING * * *
The naga sharpshooter casts a spell.
The naga sharpshooter magically shoots a bolt.
The bolt completely misses you.
Reach: m) +2 halberd (vamp)
Press: ? - help, Dir - move target, f/p - naga sharpshooter
Aim: a naga sharpshooter, wielding a +0 arbalest (almost dead, ally target, about 30% to evade your +2 vampiric halberd)
You reach to attack!
You slash the naga sharpshooter!
The naga sharpshooter is almost dead.
The naga sharpshooter shoots a bolt.
The bolt closely misses you.
Reach: m) +2 halberd (vamp)
Press: ? - help, Dir - move target, f/p - naga sharpshooter
Aim: a naga sharpshooter, wielding a +0 arbalest (almost dead, ally target, about 30% to evade your +2 vampiric halberd)
You reach to attack!
You barely miss the naga sharpshooter.
The naga sharpshooter is almost dead.
Qaups hits the naga sharpshooter with a +0 broad axe of flaming!
Qaups burns the naga sharpshooter.
The naga sharpshooter dies!
The naga sharpshooter shoots a bolt.
The bolt hits you!!
* * * LOW HITPOINT WARNING * * *
Things that are here:
a +2 flail of protection; a +0 robe
Things that are here:
a +0 trident; a naga corpse The naga sharpshooter shoots a bolt.
Qaups blocks the bolt.
Things that are here:
a +0 short sword; a +1 kite shield of reflection; a naga corpse The naga sharpshooter shoots a bolt.
The bolt hits you!
* * * LOW HITPOINT WARNING * * *
Something barely misses Qaups.
Things that are here:
a +0 glaive; a +0 robe You see here a black mamba skeleton.
There is an open door here.
Items here: )))) ÷÷.
You see here a +0 ring mail.
There is a stone staircase leading up, spattered with blood here.
You climb upwards.
There is a stone staircase leading down here.
You start resting.
HP restored.
You climb downwards.
There is a stone staircase leading up, spattered with blood here.
Items here: )))) ÷÷.
There is an open door here.
You see here a black mamba skeleton.
Things that are here:
a +0 robe; a +0 glaive A naga is nearby!
A naga is nearby!
The naga spits poison at you.
The splash of poison hits you but does no damage.
You resist. The naga spits poison at you. The splash of poison misses you.
The splash of poison hits Qaups.
Qaups completely resists.
Things that are here:
a +1 kite shield of reflection; a +0 short sword; a naga skeleton You reach to attack!
You barely miss the naga. You impale the naga!! You grab the naga.
The naga is almost dead.
You constrict the naga!
You kill the naga!
The naga sharpshooter unwields a +0 scimitar.
The naga sharpshooter wields a +0 arbalest.
The naga sharpshooter casts a spell.
The naga sharpshooter magically shoots a bolt.
The bolt hits you but does no damage.
Things that are here:
a +0 war axe; a +0 robe; a naga corpse The naga sharpshooter shoots a bolt.
The bolt hits you!
The naga sharpshooter casts a spell.
The naga sharpshooter magically shoots a bolt.
The bolt hits you.
The naga sharpshooter shoots a bolt.
The bolt completely misses you.
You impale the naga sharpshooter!!
You feel better.
You grab the naga sharpshooter.
The naga sharpshooter is moderately wounded.
You constrict the naga sharpshooter.
The naga sharpshooter shoots a bolt.
The bolt barely misses you.
The bolt hits Qaups!!
You hit the naga sharpshooter but do no damage.
The naga sharpshooter is heavily wounded.
You constrict the naga sharpshooter.
The naga sharpshooter shoots a bolt.
The bolt hits you but does no damage.
You hit the naga sharpshooter.
The naga sharpshooter is heavily wounded.
You constrict the naga sharpshooter.
Qaups hits the naga sharpshooter with a +0 broad axe of flaming.
Qaups burns the naga sharpshooter.
You hit the naga sharpshooter but do no damage.
The naga sharpshooter is severely wounded.
You constrict the naga sharpshooter.
The naga sharpshooter gestures wildly while chanting.
The naga sharpshooter magically shoots a bolt.
The bolt misses you.
You hit the naga sharpshooter.
The naga sharpshooter is severely wounded.
You constrict the naga sharpshooter!
Qaups hits the naga sharpshooter with a +0 broad axe of flaming!
Qaups burns the naga sharpshooter.
The naga sharpshooter dies!
No target in view!
Items here: ))) [ ÷.
Things that are here:
a +0 robe; a +2 flail of protection You now have enough gold to buy the amulet of the Four Winds {rN+ Will+++ Clar} on D:15.
You can access your shopping list by pressing '$'.
You now have 1943 gold pieces (gained 73).
V - a wand of paralysis (16) (gained 7 charges)
Things that are here:
a +0 halberd; a naga skeleton
Things that are here:
a +0 robe; a +0 battleaxe of flaming Ancestor HP restored.
There is an open door here.
Found a mace.
Found a trident.
Found a chain mail.
Found a robe.
Found a ring mail and a mace.
Found 7 stones.
You see here 7 stones.
As you open the door, it creaks loudly!
There is an open door here.
A salamander tyrant comes into view.
A salamander tyrant is nearby!
A salamander tyrant is nearby!
The salamander tyrant rends the earth beneath you!
The blast of magma engulfs you! You partially resist.
The blast of magma engulfs Qaups!!
Qaups partially resists.
You reach to attack!
You hit the salamander tyrant.
The salamander tyrant is lightly wounded.
The salamander tyrant gazes fiercely through you!
You feel your attacks grow feeble.
You closely miss the salamander tyrant. You grab the salamander tyrant.
You constrict the salamander tyrant.
The salamander tyrant closely misses you.
You impale the salamander tyrant!!
The salamander tyrant is moderately wounded.
You constrict the salamander tyrant. The salamander tyrant hits you.
You are engulfed in flames!
You resist.
You slash the salamander tyrant!
The salamander tyrant is severely wounded.
You constrict the salamander tyrant.
The salamander tyrant barely misses you.
You hit the salamander tyrant.
You feel better.
The salamander tyrant is severely wounded.
You constrict the salamander tyrant!
A salamander mystic comes into view. It is wielding a +0 dagger.
You hit the salamander tyrant but do no damage.
The salamander tyrant is almost dead.
You constrict the salamander tyrant.
The salamander tyrant hits you but does no damage.
The salamander mystic gestures at the salamander tyrant while chanting.
The salamander tyrant seems to speed up.
You hit the salamander tyrant but do no damage.
The salamander tyrant is almost dead.
You constrict the salamander tyrant.
The salamander tyrant gazes fiercely through you!
You feel as though you will be weak longer.
The salamander tyrant hits you.
You are engulfed in flames!
You resist.
You slash the salamander tyrant!
You kill the salamander tyrant!
You slash the salamander mystic!
You feel better.
Your grab misses the salamander mystic.
The salamander mystic is lightly wounded.
The salamander mystic hits you with a +0 dagger.
You are engulfed in flames!
You resist.
You puncture the salamander mystic!
You feel better.
Your grab misses the salamander mystic.
The salamander mystic is moderately wounded.
A salamander comes into view. It is wielding a +4 halberd.
You barely miss the salamander mystic. Your grab misses the salamander mystic.
The salamander mystic is moderately wounded.
The salamander mystic hits you but does no damage.
The salamander hits you but does no damage.
You hit the salamander mystic but do no damage.
You grab the salamander mystic.
The salamander mystic is moderately wounded.
You constrict the salamander mystic.
The salamander mystic hits you but does no damage.
You hit the salamander mystic.
You feel better.
The salamander mystic is moderately wounded.
You constrict the salamander mystic.
The salamander hits you but does no damage.
You slash the salamander mystic!
You feel better.
The salamander mystic is heavily wounded.
You constrict the salamander mystic.
The salamander mystic gestures at you while chanting.
The bolt of magma hits you. You partially resist.
The bolt of magma hits Qaups.
Qaups partially resists.
The salamander hits you but does no damage.
You hit the salamander mystic but do no damage.
The salamander mystic is severely wounded.
You constrict the salamander mystic.
The salamander mystic hits you but does no damage.
The salamander barely misses you.
You slash the salamander mystic!
The salamander mystic is almost dead.
You constrict the salamander mystic.
The salamander mystic hits you but does no damage.
You puncture the salamander mystic!
You kill the salamander mystic!
The salamander hits you from afar with a +4 halberd!
You are engulfed in flames.
You resist.
You are too injured to fight recklessly!
You are too injured to fight recklessly!
You are too injured to fight recklessly!
Reach: m) +2 halberd (vamp)
Press: ? - help, Dir - move target, f - salamander
Aim: a salamander, wielding a +4 halberd (ally target, about 22% to evade your +2 vampiric halberd)
You reach to attack!
You barely miss the salamander. The salamander barely misses you.
Reach: m) +2 halberd (vamp)
Press: ? - help, Dir - move target, f/p - salamander
Aim: a salamander, wielding a +4 halberd (ally target, about 22% to evade your +2 vampiric halberd)
You reach to attack!
You hit the salamander.
You feel better.
The salamander is lightly wounded.
Reach: m) +2 halberd (vamp)
Press: ? - help, Dir - move target, f/p - salamander
Aim: a salamander, wielding a +4 halberd (lightly wounded, ally target, about 22% to evade your +2 vampiric halberd)
You reach to attack!
You impale the salamander!!
You feel better.
The salamander is moderately wounded.
The salamander hits you but does no damage.
Reach: m) +2 halberd (vamp)
Press: ? - help, Dir - move target, f/p - salamander
Aim: a salamander, wielding a +4 halberd (moderately wounded, ally target, about 22% to evade your +2 vampiric halberd)
You reach to attack!
You closely miss the salamander.
The salamander is moderately wounded.
The salamander hits you but does no damage.
Reach: m) +2 halberd (vamp)
Press: ? - help, Dir - move target, f/p - salamander
Aim: a salamander, wielding a +4 halberd (moderately wounded, ally target, about 22% to evade your +2 vampiric halberd)
You reach to attack!
You closely miss the salamander.
The salamander is moderately wounded.
Reach: m) +2 halberd (vamp)
Press: ? - help, Dir - move target, f/p - salamander
Aim: a salamander, wielding a +4 halberd (moderately wounded, ally target, about 22% to evade your +2 vampiric halberd)
You reach to attack!
You slice the salamander!!
The salamander is severely wounded.
The salamander hits you from afar with a +4 halberd!
You are engulfed in flames.
You resist.
Reach: m) +2 halberd (vamp)
Press: ? - help, Dir - move target, f/p - salamander
Aim: a salamander, wielding a +4 halberd (severely wounded, ally target, about 22% to evade your +2 vampiric halberd)
You reach to attack!
You closely miss the salamander.
The salamander is severely wounded.
The salamander closely misses you.
Reach: m) +2 halberd (vamp)
Press: ? - help, Dir - move target, f/p - salamander
Aim: a salamander, wielding a +4 halberd (severely wounded, ally target, about 22% to evade your +2 vampiric halberd)
You reach to attack!
You hit the salamander.
The salamander is severely wounded.
The salamander barely misses you.
Reach: m) +2 halberd (vamp)
Press: ? - help, Dir - move target, f/p - salamander
Aim: a salamander, wielding a +4 halberd (severely wounded, ally target, about 22% to evade your +2 vampiric halberd)
You reach to attack!
You hit the salamander.
You feel better.
The salamander is severely wounded.
Reach: m) +2 halberd (vamp)
Press: ? - help, Dir - move target, f/p - salamander
Aim: a salamander, wielding a +4 halberd (severely wounded, ally target, about 22% to evade your +2 vampiric halberd)
You reach to attack!
You hit the salamander.
The salamander is almost dead.
The salamander hits you from afar with a +4 halberd!
You are engulfed in flames.
You resist.
* * * LOW HITPOINT WARNING * * *
Reach: m) +2 halberd (vamp)
Press: ? - help, Dir - move target, f/p - salamander
Aim: a salamander, wielding a +4 halberd (almost dead, ally target, about 22% to evade your +2 vampiric halberd)
You reach to attack!
You hit the salamander.
You feel better.
The salamander is almost dead.
The salamander hits you from afar with a +4 halberd!
* * * LOW HITPOINT WARNING * * *
You are engulfed in flames.
You resist.
* * * LOW HITPOINT WARNING * * *
Reach: m) +2 halberd (vamp)
Press: ? - help, Dir - move target, f/p - salamander
Aim: a salamander, wielding a +4 halberd (almost dead, ally target, about 22% to evade your +2 vampiric halberd)
You reach to attack!
You puncture the salamander!
You kill the salamander!
Things that are here:
a +0 dagger; a +0 robe; a salamander corpse You see here a +4 halberd.
You swap places.
Things that are here:
a +0 dagger; a +0 robe; a salamander corpse You start resting.
Your attacks no longer feel as feeble.
HP restored.
You swap places.
Things that are here:
a +0 dagger; a +0 robe; a salamander corpse You see here a +4 halberd.
A naga comes into view. It is wielding a +0 halberd.
A black mamba comes into view.
The naga spits poison at you. The splash of poison misses you.
Found a mace.
A naga sharpshooter comes into view. It is wielding a +0 battleaxe.
The naga sharpshooter spits poison at Qaups.
The splash of poison hits you. You resist.
You reach to attack!
You hit the naga.
The naga is lightly wounded.
The naga sharpshooter unwields a +0 battleaxe.
The naga sharpshooter wields a +0 arbalest.
The naga sharpshooter shoots a bolt.
The bolt hits you.
The naga hits you from afar with a +0 halberd!!
The black mamba hisses angrily.
You reach to attack!
You completely miss the naga.
The naga is lightly wounded.
The naga sharpshooter gestures wildly while chanting.
The naga sharpshooter magically shoots a bolt.
The bolt hits you!
Qaups hits the naga with a +0 broad axe of flaming!!
Qaups burns the naga.
You reach to attack!
You hit the naga.
The naga is almost dead.
The naga barely misses you.
You reach to attack!
You hit the naga but do no damage.
The naga is almost dead.
The black mamba bites Qaups but does no damage.
The naga barely misses you.
You reach to attack!
You puncture the naga!
You feel better.
You kill the naga!
Qaups blocks the black mamba's attack.
Qaups misses the black mamba.
You reach to attack!
You puncture the black mamba!
You feel better.
The black mamba is heavily wounded.
The black mamba closely misses Qaups.
Qaups blocks the black mamba's attack.
You reach to attack!
You closely miss the black mamba.
The black mamba is heavily wounded.
Qaups hits the black mamba with a +0 broad axe of flaming!
Qaups burns the black mamba.
Qaups blocks the black mamba's attack.
You reach to attack!
You hit the black mamba but do no damage.
The black mamba is almost dead.
The black mamba barely misses Qaups.
You reach to attack!
You barely miss the black mamba.
The black mamba is almost dead.
The black mamba bites Qaups.
Qaups hits the black mamba with a +0 broad axe of flaming!
Qaups burns the black mamba.
The black mamba dies!
Qaups hits the naga sharpshooter with a +0 broad axe of flaming!
Qaups burns the naga sharpshooter.
You reach to attack!
You hit the naga sharpshooter.
You feel better.
The naga sharpshooter is lightly wounded.
The naga sharpshooter casts a spell.
You reach to attack!
You hit the naga sharpshooter.
You feel better.
The naga sharpshooter is lightly wounded.
Qaups hits the naga sharpshooter with a +0 broad axe of flaming!
Qaups burns the naga sharpshooter.
The naga sharpshooter shoots a bolt.
The bolt hits Qaups!!
You reach to attack!
You puncture the naga sharpshooter!
The naga sharpshooter is heavily wounded.
You reach to attack!
You puncture the naga sharpshooter!
You feel better.
The naga sharpshooter is severely wounded.
The naga sharpshooter shoots a bolt.
The bolt hits Qaups but does no damage.
Qaups barely misses the naga sharpshooter.
You reach to attack!
You puncture the naga sharpshooter!
The naga sharpshooter is almost dead.
The naga sharpshooter shoots a bolt.
Qaups blocks the bolt.
You reach to attack!
You slash the naga sharpshooter!
You feel better.
You kill the naga sharpshooter!
No target in view!
You swap places.
Found 7 stones.
You now have 1954 gold pieces (gained 11).
Items here: ))) [[.
Key pressed, stopping explore.
Ancestor HP restored.
You see here a black mamba skeleton.
You swap places.
You swap places.
Found a hand axe.
Found a runed translucent gate.
Gryn's ghost turns its malevolent gaze towards you.
Gryn's ghost whispers, "Meet the emptiness of death!"
Found a war axe.
You see here a +0 war axe.
There is a dry fountain here.
You swap places.
Key pressed, stopping explore.
An anaconda comes into view.
Unknown command.
An anaconda is nearby!
An anaconda is nearby!
The anaconda hisses angrily.
A salamander mystic comes into view. It is wielding a +0 dagger of flaming.
A black mamba comes into view.
The salamander mystic gestures at the black mamba while chanting.
The black mamba seems to speed up.
You hear a shout!
What are your orders? t - Shout!
Orders for allies: a - Attack new target. r - Retreat! s - Stop attacking. g - Guard the area. f - Follow me.
Anything else - Cancel.
Follow me!
You reach to attack!
You miss the black mamba. You closely miss the black mamba.
You grab the black mamba. You constrict the black mamba.
The black mamba bites you but does no damage. x2
You hit the black mamba but do no damage.
You constrict the black mamba. The black mamba misses you. x2
Qaups completely misses the black mamba.
You hit the black mamba but do no damage.
The black mamba is lightly wounded.
You constrict the black mamba. The black mamba bites you!
The black mamba closely misses you.
You hit the black mamba but do no damage.
The black mamba is lightly wounded.
You constrict the black mamba.
The black mamba bites you but does no damage.
The black mamba barely misses you.
Qaups barely misses the black mamba.
You slash the black mamba!
You feel better.
The black mamba is heavily wounded.
You constrict the black mamba! The black mamba bites you!
The black mamba misses you.
You puncture the black mamba!
You feel better.
The black mamba is severely wounded.
You constrict the black mamba! The black mamba misses you.
Qaups hits the black mamba with a +0 broad axe of flaming!
Qaups burns the black mamba.
The black mamba dies!
Qaups barely misses the salamander mystic.
You reach to attack!
You impale the salamander mystic!!
You feel better.
The salamander mystic is moderately wounded.
You hear a shout!
A naga ritualist comes into view. It is wielding a +0 battleaxe.
The salamander mystic points at you and mumbles some strange words.
The bolt of magma hits Qaups!!
Qaups partially resists.
The bolt of magma hits you!! You partially resist.
You reach to attack!
You hit the salamander mystic.
The salamander mystic is moderately wounded.
Qaups hits the salamander mystic with a +0 broad axe of flaming!
You reach to attack!
You barely miss the salamander mystic.
The salamander mystic is heavily wounded.
Qaups blocks the salamander mystic's attack.
You reach to attack!
You impale the salamander mystic!!
You feel better.
The salamander mystic is almost dead.
You hear a shout!
The salamander mystic barely misses Qaups.
Qaups hits the salamander mystic with a +0 broad axe of flaming.
You reach to attack!
You slash the salamander mystic!
You feel better.
You kill the salamander mystic!
A guardian serpent comes into view.
The guardian serpent casts a spell at something.
The naga ritualist blinks!
Qaups closely misses the naga ritualist.
A nagaraja comes into view. It is wielding a +2 heavy halberd.
You barely miss the salamander. You grab the salamander.
You constrict the salamander!
The black mamba bites you but does no damage.
The salamander hits you but does no damage.
The black mamba closely misses you. The naga ritualist spits poison at you.
The splash of poison hits you but does no damage.
You resist.
You slice the salamander!!
You feel better.
The salamander is heavily wounded.
You constrict the salamander. The black mamba closely misses you.
The salamander hits you but does no damage.
Qaups hits the naga ritualist with a +0 broad axe of flaming.
Qaups burns the naga ritualist.
The nagaraja gestures wildly while chanting.
The nagaraja seems to speed up.
You slash the salamander!
You feel better.
The salamander is almost dead.
You constrict the salamander. The black mamba bites you!
The naga ritualist hits you but does no damage.
Qaups blocks the naga ritualist's attack.
The naga ritualist barely misses you.
You hit the salamander.
You feel better.
The salamander is almost dead.
You constrict the salamander.
You kill the salamander!
The black mamba bites you.
The naga ritualist hits you with a +0 battleaxe.
The naga ritualist barely misses Qaups.
The naga ritualist grabs you. The naga ritualist constricts you!
The black mamba bites you.
Qaups hits the naga ritualist with a +0 broad axe of flaming!
Qaups burns the naga ritualist.
Qaups misses the guardian serpent.
You strike the helpless naga ritualist from behind!
You slice the naga ritualist!!
You feel better.
Your grab misses the naga ritualist.
The naga ritualist is severely wounded.
The guardian serpent completely misses Qaups.
The black mamba bites you but does no damage.
The naga ritualist prays to its god.
The naga ritualist begins to radiate toxic energy.
You are poisoned.
The naga ritualist constricts you.
You impale the naga ritualist!!
You feel better.
You kill the naga ritualist!
You feel sick. The black mamba closely misses you.
You hit the guardian serpent.
You feel better.
Your grab misses the guardian serpent.
The guardian serpent is lightly wounded.
You feel sick. The black mamba barely misses you.
Qaups barely misses the guardian serpent.
Qaups misses the anaconda.
Qaups hits the nagaraja with a +0 broad axe of flaming!
Qaups burns the nagaraja.
The guardian serpent closely misses you.
The nagaraja hits you from afar with a +2 heavy halberd!!
The anaconda barely misses Qaups.
You slash the guardian serpent! You grab the guardian serpent.
The guardian serpent is moderately wounded.
You constrict the guardian serpent!
You feel sick.
You are no longer poisoned.
The black mamba bites you but does no damage.
The guardian serpent hits you but does no damage.
A salamander tyrant comes into view.
The anaconda closely misses Qaups.
You barely miss the guardian serpent.
The guardian serpent is heavily wounded.
You constrict the guardian serpent! The black mamba bites you.
The nagaraja hits you from afar with a +2 heavy halberd!!!
The anaconda bites Qaups.
The guardian serpent closely misses you.
Qaups hits the guardian serpent with a +0 broad axe of flaming!
Qaups burns the guardian serpent.
The guardian serpent dies!
Qaups hits the anaconda with a +0 broad axe of flaming!
Qaups burns the anaconda.
Qaups barely misses the nagaraja.
The salamander tyrant gazes fiercely through you!
You feel your attacks grow feeble.
The black mamba bites you but does no damage.
Hepliaklqana grants Qaups healing and protection!
Qaups is fully restored!
The anaconda bites Qaups but does no damage.
The black mamba bites you but does no damage.
The nagaraja gestures at you while chanting.
The bolt of poison hits you. You resist.
* * * LOW HITPOINT WARNING * * *
The bolt of poison hits the black mamba!
The anaconda bites Qaups but does no damage.
The salamander tyrant gazes fiercely through you!
You feel as though you will be weak longer.
What are your orders? t - Shout!
Orders for allies: a - Attack new target. r - Retreat! s - Stop attacking. g - Guard the area. f - Follow me.
Anything else - Cancel.
Gang up on whom?
Press: ? - help, Dir - move target, f - nagaraja
Aim: a nagaraja, wielding a +2 heavy halberd and wearing a +0 robe (lightly wounded, fast) Attack!
The black mamba bites you but does no damage.
The nagaraja hits you from afar with a +2 heavy halberd!
* * * LOW HITPOINT WARNING * * *
A naga mage comes into view. It is wielding a +0 great sword.
The black mamba barely misses you. The anaconda closely misses you.
The anaconda barely misses you.
Qaups hits the anaconda with a +0 broad axe of flaming!!
Qaups burns the anaconda!
Okay, then.
Okay, then.
You hit the anaconda. Your grab misses the anaconda.
The anaconda is almost dead.
The black mamba bites you but does no damage.
The nagaraja points at you and mumbles some strange words.
The poison arrow hits you but does no damage.
You are poisoned.
The anaconda grabs you. The anaconda bites you!
* * * LOW HITPOINT WARNING * * *
The anaconda constricts you.
* * * LOW HITPOINT WARNING * * *
The black mamba bites you but does no damage.
As you read the scroll of fear, it crumbles to dust.
You assume a fearsome visage.
The nagaraja resists with almost no effort.
The salamander tyrant looks frightened!
The black mamba looks frightened!
The naga mage looks frightened!
The anaconda looks frightened!
You feel very sick.
The nagaraja hits you from afar with a +2 heavy halberd.
* * * LOW HITPOINT WARNING * * *
The anaconda loses its grip on you.
You feel sick.
The nagaraja hits you from afar with a +2 heavy halberd!!
* * * LOW HITPOINT WARNING * * *
Qaups hits the nagaraja with a +0 broad axe of flaming!
Qaups burns the nagaraja.
The nagaraja hits you from afar with a +2 heavy halberd!!
You die...
Hepliaklqana delivers you to your ancestors.

####..###..#..#.......
#..##....###.......
##.##.<...###......# .
#....#..#..#....##.. ...
#...##..##.....##...
#ß.######.........[#...#
...N.##ß.#....##...#..##
...S.)...#.##.#.###.#.#.
..⌠..NR@).#.##.......#..
......)...#...#...#..#..
.....##ß..#....#....#...
#ß.####.....#####)......
.. #.##....#######.... .
##....S.....###.....
#....#.....)##.#####
###..####....#..# #
##.#..######.<..##


You could see the friendly Qaups the knight (idealised), a nagaraja (fast, ally
target), a salamander tyrant (fleeing), an anaconda (fleeing) and a black mamba
(fleeing).

Vanquished Creatures
  Vashnia (Snake:3)
  Rupert (D:14)
  A nagaraja (Snake:4)
  Aizul (Snake:3)
  A fire giant (D:15)
  Louise (D:15)
  An orc warlord (Orc:2)
  Nessos (D:14)
  Snorg (D:10)
  An ettin (Orc:2)
  Erolcha (Orc:1)
  A salamander tyrant (Snake:4)
  An ogre mage (D:15)
  An alligator (Lair:2)
  2 hydras
  7 centaur warriors
  A death yak (Lair:5)
  7 two-headed ogres
  4 boulder beetles
  9 anacondas
  Urug (D:12)
  7 naga sharpshooters
  6 shock serpents
  An orc high priest (Orc:2)
  7 naga warriors
  A sun demon (Lair:5)
  Nergalle (Orc:1)
  9 mana vipers
  4 salamander mystics
  4 naga ritualists
  3 deep elf pyromancers
  3 orc knights
  A manticore (D:15)
  6 salamanders
  21 ugly things
  4 cyclopes
  2 meliai (D:13)
  8 elephants
  A smoke demon (Lair:5)
  3 gargoyles
  38 black mambas
  4 guardian serpents
  10 naga magi
  8 cane toads
  2 orange demons (Lair:5)
  A torpor snail (Lair:2)
  2 kobold demonologists
  4 rime drakes
  2 unseen horror zombies (D:8)
  7 komodo dragons
  2 efreet
  2 unseen horrors (D:12)
  7 tengu conjurers
  A queen bee (shapeshifter) (D:14)
  4 red devils
  6 trolls (D:12)
  A polar bear (Lair:5)
  Grinder (D:5)
  2 hornets
  14 blink frogs
  5 slime creatures
  5 dream sheep
  A vampire (D:12)
  A ynoxinul (D:10)
  3 shadows
  4 wraiths
  7 wyverns
  39 yaks
  2 basilisks
  2 humans (D:8)
  An unseen horror simulacrum (D:9)
  4 vampire mosquitoes
  5 wargs
  A steam dragon (Lair:3)
  2 acid dragons
  26 nagas
  3 hell hounds (Lair:5)
  10 water moccasins
  A black bear (D:4)
  17 orc warriors
  A laughing skull (D:12)
  7 ogres
  4 boggarts (D:14)
  25 wolves
  11 centaurs
  A phantom (D:6)
  9 kobold brigands
  12 bullfrogs
  7 gnoll sergeants
  A scorpion (shapeshifter) (D:12)
  A scorpion (D:7)
  A hornet simulacrum (D:14)
  9 wights
  11 killer bees
  3 howler monkeys
  3 electric eels
  5 crimson imps (D:11)
  4 centaur zombies (D:8)
  A quasit (D:10)
  2 hounds
  7 jellies
  A gnoll bouda (D:7)
  10 orc priests
  2 sleepcaps
  An iguana (D:6)
  17 orc wizards
  2 killer bee zombies (D:8)
  30 gnolls
  5 adders
  A shadow imp (D:11)
  7 white imps
  6 ufetubi
  3 dart slugs
  A ribbon worm (D:2)
  46 orcs
  4 ball pythons
  3 bats
  7 endoplasms
  7 giant cockroaches
  2 hobgoblins
  6 jackals
  3 quokkas
  2 frilled lizards (D:2)
  9 goblins
  17 kobolds
  9 rats
720 creatures vanquished.

Vanquished Creatures (collateral kills)
  A catoblepas (Lair:2)
  A hydra (Lair:1)
  4 two-headed ogres
  An anaconda (Snake:1)
  8 naga sharpshooters
  3 orc high priests (Orc:2)
  3 naga warriors
  A shock serpent (Snake:1)
  A sea snake (Snake:1)
  3 naga ritualists
  An arcanist (Lair:5)
  An orc sorcerer (Orc:2)
  A deep elf pyromancer (D:13)
  An orc knight (Orc:2)
  2 ugly things (D:15)
  A cyclops (D:13)
  A manticore (D:15)
  6 elephants
  Maurice (D:9)
  A naga mage (Snake:3)
  A meliai (D:13)
  12 black mambas
  A guardian serpent (Snake:4)
  3 orange demons
  Jeremiah (D:6)
  3 komodo dragons
  9 cane toads
  2 rime drakes
  An ice devil (Lair:5)
  2 red devils
  4 trolls
  A polar bear (Lair:4)
  3 dream sheep (Lair:2)
  Sigmund (D:6)
  3 blink frogs
  A spriggan (shapeshifter) (D:14)
  A slime creature (D:13)
  A wyvern (Lair:5)
  7 yaks
  2 wraiths
  2 basilisks
  A steam dragon (D:8)
  A warg (Orc:1)
  2 vampire mosquitoes
  8 nagas
  A hell hound (Lair:5)
  A black bear (D:6)
  4 water moccasins
  11 orc warriors
  A swamp drake (Lair:2)
  3 ogres
  3 centaurs
  9 wolves
  6 bullfrogs
  3 kobold brigands
  A gnoll sergeant (D:9)
  2 wights (D:8)
  2 killer bees
  3 howler monkeys
  A crimson imp (D:11)
  A bombardier beetle (D:6)
  2 jellies (Lair:4)
  8 orc priests
  2 gnoll boudas
  10 orc wizards
  A statue (D:9)
  A centaur simulacrum (D:9)
  8 gnolls
  2 white imps
  An ufetubus (D:7)
  27 orcs
  2 endoplasms (Lair:4)
  A goblin (D:7)
  8 kobolds
240 creatures vanquished.

Vanquished Creatures (others)
  A black mamba (Snake:2)
  A sleepcap (D:4)
  34 knights
  2 orc wizards
  An orc (Orc:1)
39 creatures vanquished.

Grand Total: 999 creatures vanquished

Notes
Turn   | Place    | Note
-------+----------+-------------------------------------------
     0 | D:1      | sleeves the Naga Artificer began the quest for the Orb.
     0 | D:1      | Reached XP level 1. HP: 18/18 MP: 1/1
   113 | D:1      | Reached skill level 1 in Polearms
   113 | D:1      | Reached skill level 2 in Stealth
   164 | D:1      | Reached XP level 2. HP: 18/25 MP: 2/2
   210 | D:1      | Found a faded altar of an unknown god.
   848 | D:2      | HP: 9/25 [ribbon worm (5)]
   932 | D:2      | Reached skill level 2 in Polearms
   971 | D:2      | Reached XP level 3. HP: 28/31 MP: 3/3
  1138 | D:2      | HP: 6/31 [acid (10)]
  1141 | D:2      | Reached skill level 3 in Polearms
  1141 | D:2      | Reached XP level 4. HP: 8/38 MP: 4/4
  1736 | D:2      | HP: 19/38 [ball python (3)]
  1862 | D:2      | Reached skill level 4 in Polearms
  2333 | D:3      | Reached XP level 5. HP: 43/44 MP: 5/5
  2787 | D:3      | Reached skill level 5 in Polearms
  2915 | D:4      | HP: 20/44 [sleepcap (14)]
  2927 | D:4      | HP: 17/44 [orc/+0 flail (6)]
  2930 | D:4      | Reached XP level 6. HP: 21/51 MP: 6/6
  2939 | D:4      | HP: 25/51 [poisoned by an orc]
  3144 | D:4      | Noticed an orc warrior
  3155 | D:4      | Reached skill level 6 in Polearms
  3267 | D:4      | Found a shimmering altar of Xom.
  3298 | D:4      | Found Zin's Purification Station.
  3301 | D:4      | Found a glowing silver altar of Zin.
  3323 | D:4      | Bought a potion of curing for 90 gold pieces
  3347 | D:4      | Found a white marble altar of Elyvilon.
  3432 | D:4      | Found a sparkling altar of Nemelex Xobeh.
  3493 | D:4      | Noticed a black bear
  3505 | D:4      | HP: 23/51 [black bear (7)]
  3506 | D:4      | Killed a black bear
  3507 | D:4      | Reached skill level 7 in Polearms
  3507 | D:4      | Reached XP level 7. HP: 18/57 MP: 7/7
  3967 | D:5      | Entered Level 5 of the Dungeon
  4052 | D:5      | Found a hide-covered altar of Uskayaw.
  4085 | D:5      | Found a staircase to the Ecumenical Temple.
  4094 | Temple   | Entered the Ecumenical Temple
  4117 | Temple   | Became a worshipper of Hepliaklqana the Forgotten
  4136 | D:5      | Found Qenyageg's General Store.
  4179 | D:5      | Noticed Grinder
  4203 | D:5      | Killed Grinder
  4204 | D:5      | Reached skill level 8 in Polearms
  4419 | D:5      | Reached XP level 8. HP: 62/64 MP: 8/8
  4958 | D:6      | Reached skill level 9 in Polearms
  5209 | D:6      | Reached * piety under Hepliaklqana
  5268 | D:6      | Noticed Sigmund
  5277 | D:6      | Killed Sigmund
  5278 | D:6      | Reached skill level 10 in Polearms
  5336 | D:6      | Noticed Jeremiah
  5350 | D:6      | HP: 19/51 [Jeremiah/divine providence (10)]
  5351 | D:6      | HP: 9/51 [Jeremiah/divine providence (11)]
  5362 | D:6      | Killed Jeremiah
  5363 | D:6      | Reached skill level 11 in Polearms
  5363 | D:6      | Reached XP level 9. HP: 13/63 MP: 9/9
  5613 | D:6      | HP: 31/63 [bullfrog (3)]
  5625 | D:6      | Reached skill level 12 in Polearms
  5632 | D:6      | HP: 29/63 [wight/+5 flail (4)]
  6201 | D:7      | Reached ** piety under Hepliaklqana
  6202 | D:7      | Remembered your ancestor Qaups as a knight
  6203 | D:7      | Noticed a two-headed ogre
  6208 | D:7      | HP: 13/63 [two-headed ogre/+0 giant club (22)]
  6209 | D:7      | Killed a two-headed ogre
  6210 | D:7      | Reached skill level 13 in Polearms
  6345 | D:7      | Found a burning altar of Makhleb.
  6393 | D:7      | Found a flagged portal.
  6435 | Bailey   | Entered a bailey
  6483 | Bailey   | Reached XP level 10. HP: 64/70 MP: 8/10
  6534 | Bailey   | Identified the +0 leather armour of the Several Mouths
                  | {Will+ Int+4}
  6567 | Bailey   | Reached skill level 14 in Polearms
  6610 | Bailey   | Found an iron altar of Okawaru.
  6616 | Bailey   | Identified the +0 chain mail "Seahyjoh" {rF- rN++ Str+6}
  6809 | D:7      | Found a glowing golden altar of the Shining One.
  6811 | D:7      | Found a stormy altar of Qazlal.
  7226 | D:8      | Found a staircase to the Lair.
  7324 | D:8      | Reached skill level 2 in Armour
  7334 | D:8      | Reached skill level 2 in Fighting
  7401 | D:8      | Reached skill level 4 in Evocations
  7497 | D:8      | Reached skill level 3 in Fighting
  7518 | D:8      | Found an iron altar of Okawaru.
  7530 | D:8      | Reached skill level 3 in Armour
  7711 | D:8      | Reached skill level 4 in Fighting
  7765 | D:8      | Reached skill level 5 in Evocations
  8069 | D:8      | Found a blossoming altar of Fedhas.
  8198 | D:9      | Reached XP level 11. HP: 82/82 MP: 11/11
  8225 | D:9      | Identified the +5 mace of Extinguishment {flame, rElec rC+
                  | rN+ Dex-2}
  8349 | D:9      | Reached skill level 4 in Armour
  8350 | D:9      | HP: 40/83 [killer bee (7)]
  8633 | D:9      | Noticed Maurice
  8636 | D:9      | Maurice stole a +3 halberd
  8642 | D:9      | Killed Maurice
  8643 | D:9      | Reached skill level 5 in Fighting
  8888 | D:9      | Reached *** piety under Hepliaklqana
  8910 | D:9      | Reached skill level 6 in Evocations
  8962 | D:9      | Noticed a cyclops
  8979 | D:9      | Killed a cyclops
  9340 | D:9      | Reached skill level 5 in Armour
  9365 | D:9      | Identified the +8 long sword of Duty {spect, ^Contam rN+
                  | Dex+3}
  9396 | D:9      | Identified the +0 leather armour of the Vestibule of Hell
                  | {rPois rF+ rC+ Will-}
  9480 | D:9      | Found a radiant altar of Vehumet.
  9574 | D:10     | Entered Level 10 of the Dungeon
  9605 | D:10     | Noticed Snorg
  9621 | D:10     | Killed Snorg
  9622 | D:10     | Reached skill level 6 in Fighting
  9767 | D:10     | Found a bloodstained altar of Trog.
  9819 | D:10     | Reached skill level 7 in Evocations
  9928 | D:10     | HP: 33/89 [red devil/+0 trident (15)]
  9929 | D:10     | HP: 15/89 [red devil/+0 trident (16)]
 10273 | D:10     | Reached skill level 7 in Fighting
 10399 | D:10     | Found a basalt altar of Yredelemnul.
 10418 | D:10     | HP: 39/90 [vampire mosquito (9)]
 10424 | D:10     | HP: 28/90 [vampire mosquito (8)]
 10429 | D:10     | HP: 21/90 [vampire mosquito (2)]
 10430 | D:10     | Reached skill level 6 in Armour
 10434 | D:9      | HP: 12/90 [vampire mosquito (6)]
 10436 | D:9      | Reached XP level 12. HP: 14/98 MP: 12/12
 10809 | D:11     | Reached **** piety under Hepliaklqana
 10825 | D:11     | Noticed a boulder beetle
 10855 | D:11     | Killed a boulder beetle
 10856 | D:11     | Reached skill level 8 in Evocations
 12030 | Lair:1   | Entered Level 1 of the Lair of Beasts
 12072 | Lair:1   | Reached skill level 8 in Fighting
 12240 | Lair:1   | Reached skill level 7 in Armour
 12315 | Lair:1   | Noticed an eight-headed hydra
 12329 | Lair:1   | HP: 50/100 [15-headed hydra (3)]
 12374 | Lair:1   | HP: 44/100 [19-headed hydra (9)]
 12375 | Lair:1   | HP: 21/100 [20-headed hydra (4)]
 12375 | Lair:1   | HP: 4/100 [20-headed hydra (7)]
 12868 | D:12     | Found a shadowy altar of Dithmenos.
 13028 | D:12     | Reached skill level 9 in Evocations
 13475 | D:12     | Noticed a two-headed ogre
 13504 | D:12     | Killed a two-headed ogre
 13505 | D:12     | Reached skill level 9 in Fighting
 13895 | D:12     | Noticed a two-headed ogre
 13910 | D:12     | Killed a two-headed ogre
 13911 | D:12     | Gained mutation: You can use your snake-like lower body to
                  | constrict enemies. [Naga growth]
 13911 | D:12     | Reached XP level 13. HP: 108/108 MP: 13/13
 13914 | D:12     | Reached skill level 8 in Armour
 13926 | D:12     | Reached skill level 10 in Evocations
 14191 | D:12     | Reached skill level 10 in Fighting
 14325 | D:12     | HP: 49/110 [centaur warrior/arrow (11)]
 14328 | D:12     | HP: 24/110 [centaur warrior/arrow (20)]
 14595 | D:12     | Reached ***** piety under Hepliaklqana
 14695 | D:12     | Noticed Urug
 14722 | D:12     | Killed Urug
 14869 | D:12     | Found a staircase to the Orcish Mines.
 14889 | D:12     | Reached skill level 9 in Armour
 15135 | D:12     | Reached skill level 11 in Evocations
 15271 | D:12     | Got Tenir's Elucidation of Displacement and Momentum
 16463 | D:13     | Found a gate to the Vaults.
 16468 | D:13     | You fall into a shaft and drop 1 floor!
 16549 | D:14     | Noticed Nessos
 16553 | D:14     | Found the -2 hat of the Alchemist {rElec rPois rF+ rC+ rN+
                  | Will+ rMut rCorr}
 16558 | D:14     | HP: 37/110 [Nessos/arrow (20)]
 16562 | D:14     | Killed Nessos
 16563 | D:14     | Reached skill level 10 in Armour
 16563 | D:14     | Reached skill level 12 in Evocations
 16565 | D:14     | Reached XP level 14. HP: 40/118 MP: 14/14
 17035 | D:13     | HP: 54/118 [orc knight/+0 battleaxe (15)]
 17217 | D:13     | Found a runed translucent gate.
 17218 | D:13     | Found a runed translucent gate.
 17220 | D:13     | Noticed Sirjeffry24's ghost (journeyman CoHu)
 17221 | D:13     | Found a runed translucent gate.
 17260 | D:13     | Reached skill level 15 in Polearms
 17600 | D:14     | Noticed Roxanne
 17765 | D:14     | Noticed Rupert
 17775 | D:14     | Killed Rupert
 18083 | D:14     | Reached skill level 16 in Polearms
 18365 | D:15     | Entered Level 15 of the Dungeon
 18368 | D:15     | Noticed Louise
 18399 | D:15     | Reached skill level 1 in Dodging
 18408 | D:15     | Reached skill level 1 in Invocations
 18463 | D:15     | Found Vuhyuteg's Magic Scroll Shoppe.
 18468 | D:15     | Bought a scroll of fear for 72 gold pieces
 18468 | D:15     | Bought a scroll of teleportation for 54 gold pieces
 18533 | D:15     | Found a staircase to the Depths.
 18533 | D:15     | Noticed a fire giant
 18541 | D:15     | Identified the +1 halberd of Earthquakes {freeze, rF++
                  | Str-4 Dex+6}
 18555 | D:15     | HP: 49/118 [centaur warrior/the +1 halberd of Earthquakes
                  | {freeze, rF++ Str-4 Dex+6} (14)]
 18560 | D:15     | HP: 25/118 [centaur warrior/the +1 halberd of Earthquakes
                  | {freeze, rF++ Str-4 Dex+6} (8)]
 18627 | D:15     | Reached skill level 2 in Invocations
 18801 | D:15     | Reached skill level 2 in Dodging
 19076 | D:15     | Reached skill level 3 in Invocations
 19117 | D:15     | HP: 59/118 [fire giant/+1 great sword of flaming (27)]
 19119 | D:15     | Killed a fire giant
 19339 | D:15     | Found Muqetef's Jewellery Emporium.
 19502 | D:15     | Reached skill level 3 in Dodging
 19522 | D:15     | Reached skill level 4 in Invocations
 19613 | D:15     | HP: 31/113 [Louise/stone arrow (35)]
 19956 | D:15     | Killed Louise
 20144 | D:15     | HP: 58/117 [centaur warrior (2)]
 20323 | D:15     | Found Dibbiuto's Armour Shop.
 20564 | D:15     | Reached skill level 5 in Invocations
 20569 | D:15     | Reached skill level 4 in Dodging
 20569 | D:15     | Reached XP level 15. HP: 107/124 MP: 18/18
 20708 | D:15     | Found Xujounux's Assorted Antiques.
 20717 | D:15     | Bought a scroll of teleportation for 93 gold pieces
 20717 | D:15     | Bought a potion of heal wounds for 155 gold pieces
 20897 | Orc:1    | Entered Level 1 of the Orcish Mines
 20928 | Orc:1    | Reached skill level 13 in Evocations
 21078 | Orc:2    | Entered Level 2 of the Orcish Mines
 21089 | Orc:1    | Noticed Nergalle
 21108 | Orc:1    | Killed Nergalle
 21308 | Orc:2    | Found a staircase to the Elven Halls.
 21507 | Orc:2    | Found Ogrut's Jewellery Shoppe.
 21575 | Orc:2    | Reached skill level 6 in Invocations
 21651 | Orc:2    | Noticed an orc warlord
 21668 | Orc:2    | Killed an orc warlord
 21677 | Orc:2    | HP: 58/124 [orc high priest/+0 glaive (12)]
 21748 | Orc:2    | HP: 58/124 [orc high priest/divine providence (13)]
 21754 | Orc:2    | Reached skill level 5 in Dodging
 21953 | Orc:2    | Found Xaacrung's Antique Armour Shoppe.
 22017 | Orc:2    | Found Tamitoer's General Store.
 22026 | Orc:2    | Bought 3 scrolls of teleportation for 117 gold pieces
 22189 | Orc:2    | Found Damef's Antique Weapon Boutique.
 22411 | Orc:1    | Noticed Erolcha
 22427 | Orc:1    | Killed Erolcha
 22857 | Lair:1   | HP: 62/124 [20-headed hydra (2)]
 23155 | Lair:1   | Reached skill level 7 in Invocations
 23767 | Lair:2   | Found a runed translucent gate.
 23767 | Lair:2   | Found a runed translucent gate.
 23768 | Lair:2   | Found a runed translucent gate.
 23798 | Lair:2   | Reached ****** piety under Hepliaklqana
 24222 | Lair:2   | Found a staircase to the Swamp.
 24273 | Lair:2   | Found a staircase to the Snake Pit.
 24284 | Lair:2   | Reached skill level 6 in Dodging
 24591 | Lair:2   | Noticed Chish's ghost (journeyman NaHu)
 24592 | Lair:2   | Noticed Ugeubom's ghost (journeyman DrSh)
 24643 | Lair:3   | Reached skill level 8 in Invocations
 24653 | Lair:3   | Reached skill level 14 in Evocations
 25046 | Lair:3   | Identified the ring "Xahor" {+Blink rCorr Slay+2}
 25556 | Lair:3   | Reached XP level 16. HP: 125/131 MP: 22/22
 25866 | Lair:4   | Found a staircase to the Slime Pits.
 25869 | Lair:4   | Found a viscous altar of Jiyva.
 26074 | Lair:4   | Reached skill level 7 in Dodging
 26083 | Lair:4   | Reached skill level 9 in Invocations
 27120 | Lair:5   | Entered Level 5 of the Lair of Beasts
 27278 | Lair:5   | Found a hazy altar of Hepliaklqana.
 27913 | Lair:5   | Reached skill level 10 in Invocations
 27917 | Lair:5   | Found a burning altar of Makhleb.
 28312 | Lair:5   | Reached skill level 8 in Dodging
 28455 | Lair:5   | Found a gateway to Hell.
 28666 | Snake:1  | Entered Level 1 of the Snake Pit
 28677 | Snake:1  | Reached skill level 15 in Evocations
 28975 | Snake:1  | HP: 64/131 [shock serpent (3)]
 29086 | Snake:1  | Reached skill level 11 in Invocations
 29389 | Snake:1  | Found Lairiz's Jewellery Shoppe.
 29397 | Snake:1  | Found Foqy Mue's Magic Scroll Shoppe.
 29401 | Snake:1  | Bought a scroll of teleportation for 42 gold pieces
 29401 | Snake:1  | Bought a scroll of blinking for 105 gold pieces
 30157 | Snake:1  | Reached skill level 9 in Dodging
 30702 | Snake:2  | HP: 55/131 [anaconda (12)]
 30711 | Snake:2  | HP: 50/131 [black mamba (2)]
 31054 | Snake:2  | HP: 51/131 [naga sharpshooter/bolt (16)]
 31059 | Snake:2  | HP: 44/131 [shock serpent/bolt of electricity (4)]
 31063 | Snake:2  | Reached skill level 12 in Invocations
 31063 | Snake:2  | Reached XP level 17. HP: 43/137 MP: 24/26
 31068 | Snake:2  | HP: 44/137 [naga/splash of poison (3)]
 31102 | Snake:2  | HP: 49/137 [naga sharpshooter/bolt (14)]
 31107 | Snake:2  | HP: 33/137 [naga sharpshooter/bolt (4)]
 31631 | Snake:2  | HP: 68/137 [poisoned by a naga sharpshooter (splash of
                  | poison)]
 31636 | Snake:2  | HP: 65/137 [poisoned by a naga sharpshooter (splash of
                  | poison)]
 32066 | Snake:2  | HP: 57/137 [naga warrior/+0 trident (22)]
 32071 | Snake:2  | Reached skill level 10 in Dodging
 32094 | Snake:2  | HP: 56/137 [guardian serpent/bolt of poison (1)]
 32653 | Snake:3  | HP: 61/137 [naga warrior/+0 glaive (12)]
 32658 | Snake:2  | HP: 58/137 [poisoned by a naga ritualist (toxic radiance)]
 32877 | Snake:3  | Noticed Vashnia
 32898 | Snake:3  | HP: 69/138 [naga sharpshooter/arrow[Vashnia] (8)]
 32902 | Snake:3  | Killed Vashnia
 33443 | Snake:3  | Identified the serpent talisman "Fierogab" {rN+}
 33443 | Snake:3  | Noticed Aizul
 33449 | Snake:3  | HP: 67/140 [salamander/+3 halberd (7)]
 33454 | Snake:3  | HP: 39/140 [Aizul (13)]
 33627 | Snake:3  | HP: 69/140 [Aizul (11)]
 33632 | Snake:3  | Killed Aizul
 33632 | Snake:3  | HP: 50/140 [poisoned by Aizul (bolt of poison)]
 33935 | Snake:3  | Reached skill level 11 in Fighting
 34399 | Snake:3  | HP: 68/141 [naga/+0 trident (10)]
 34404 | Snake:3  | HP: 46/141 [poisoned by a naga ritualist (toxic radiance)]
 34409 | Snake:3  | HP: 37/141 [poisoned by a naga ritualist (toxic radiance)]
 34426 | Snake:3  | HP: 42/141 [poisoned by a naga ritualist (toxic radiance)]
 34431 | Snake:3  | HP: 37/141 [poisoned by a naga ritualist (toxic radiance)]
 34920 | Snake:4  | Entered Level 4 of the Snake Pit
 34991 | Snake:4  | Reached skill level 11 in Armour
 35238 | Snake:4  | Identified the ring of the Circus Animal {Ice ^Drain Str+6
                  | Slay+4 Stlth+}
 35735 | Snake:4  | Reached skill level 12 in Fighting
 35989 | Snake:4  | HP: 70/143 [naga sharpshooter/bolt (11)]
 36002 | Snake:4  | HP: 41/143 [naga sharpshooter/bolt (15)]
 36399 | Snake:4  | HP: 71/143 [salamander/+4 halberd (5)]
 36694 | Snake:4  | Found a runed translucent gate.
 36694 | Snake:4  | Found a runed translucent gate.
 36694 | Snake:4  | Found a runed translucent gate.
 36694 | Snake:4  | Noticed Gryn's ghost (adept GnCA)
 36843 | Snake:4  | HP: 71/145 [nagaraja/bolt of poison (6)]
 36847 | Snake:4  | HP: 14/145 [nagaraja/+2 heavy halberd (30)]
 36847 | Snake:4  | Slain by a nagaraja

Illustrated notes

Levels and vault maps discovered:
D:1:      wander_arrival_peaceful_grave, layout_loops_ring,
          dreamdust_ecumenical_altar_angels_and_demons, minmay_misc_feat_x
D:2:      layout_basic
D:3:      layout_basic
D:4:      layout_basic, kennysheep_little_box, nemelex_spade_bored_becter,
          zin_purify, mainiacjoe_overflow_brackets
D:5:      layout_cave_pods, mainiacjoe_overflow_boulevard,
          minmay_temple_entry_statues_fountains, serial_shops, shop,
          grunt_decor_arrowhead, uniq_grinder
D:6:      layout_cave_pools, serial_park, serial_park_square1
          [serial_park_minivault_5x5_7], serial_park_square3
          [serial_park_minivault_5x5_2], serial_park_tiny_pond,
          serial_park_square1 [serial_park_minivault_5x5_5], minivault_26,
          uniq_jeremiah, uniq_sigmund
D:7:      layout_basic, mainiacjoe_overflow_cross_hatched,
          mainiacjoe_overflow_catwalk_spiral, enter_bailey_5
D:8:      layout_rooms, fedhas_altar_decomposition, okawaru_humans,
          lair_entry_dummy, serial_undead, serial_undead_a, serial_undead_c,
          serial_undead_e, serial_undead_b
D:9:      layout_loops_ring, vehumet_statue, serial_ice, serial_ice_o,
          serial_ice_k, serial_ice_m, serial_ice_h, uniq_maurice
D:10:     layout_cross, mainiacjoe_overflow_small_starburst, lemuel_round_altar,
          serial_demonic, serial_demonic_g, serial_demonic_f, serial_demonic_d,
          serial_demonic_a, uniq_snorg
D:11:     layout_basic, minmay_nine_imps
D:12:     minmay_the_grid_triangle_9x9_recursive_3
          [minmay_the_grid_triangle_9x9_stretched_checkered,
          minmay_the_grid_triangle_9x9_wacky_v,
          minmay_the_grid_triangle_9x9_dagger,
          minmay_the_grid_triangle_9x9_prize_schism,
          minmay_the_grid_triangle_9x9_skeleton,
          minmay_the_grid_triangle_9x9_shrine,
          minmay_the_grid_triangle_9x9_empty,
          minmay_the_grid_triangle_9x9_from_above,
          minmay_the_grid_triangle_9x9_thin_v], layout_irregular_city,
          kennysheep_orc_monster_closet_entryway, serial_co_window_serial,
          co_window_paths_a, co_window_cross_1, co_window_paths_a,
          co_window_paths_a, co_window_paths_a, co_window_paths_b,
          co_window_paths_b, co_window_paths_a, co_window_corner_a,
          glass_columns_a, glass_columns_a, grunt_dithmenos_smoke, uniq_urug
D:13:     layout_roguey, david_vaults_1, ebering_ghost_rock_garden
D:14:     layout_small_grid, uniq_nessos, uniq_roxanne, uniq_rupert
D:15:     grunt_enter_depths_giant_problem, layout_cave_pods, serial_shops,
          shop, shop, shop, nicolae_shop_rolling_square, uniq_louise
Temple:   compressed_dpeg_triangle_lava_temple
Lair:1:   layout_small_grid, guppyfry_lair_drakes, grunt_megastairs_3
Lair:2:   layout_chaotic_city, mainiacjoe_swamp_entry_lozenge_pond,
          guppyfry_snake_entry_island, gammafunk_ghost_cemetery,
          lemuel_fruit_tree, lemuel_fruit_fields
Lair:3:   layout_roguey, grunt_megastairs_4
Lair:4:   layout_long_grid, nicolae_slime_entry_slimehenge, grunt_megastairs_1
Lair:5:   evil_forest, layout_gridlike, basic_altar,
          grunt_forest_large_clearings
Snake:1:  layout_cave_pods, hangedman_snake_corridor_cut, minmay_shop_star,
          serial_bayou_shore_a
Snake:2:  layout_grid_maze, nicolae_snake_lava_pool
Snake:3:  layout_misc_corridors, hangedman_snake_pattern, uniq_aizul,
          uniq_vashnia
Snake:4:  hellmonk_snake_rune_quicksilver_temple, layout_onion,
          gammafunk_ghost_necromancy, corexii_hall_statues_x,
          nicolae_snake_boneroom
Orc:1:    layout_caves, uniq_erolcha, uniq_nergalle
Orc:2:    grunt_orc_gardens, layout_caves, grunt_orc_garden, grunt_orc_garden,
          grunt_orc_garden, grunt_orc_garden

Skill      XL: |  1  2  3  4  5  6  7  8  9 10 11 12 13 14 15 16 17 |
---------------+----------------------------------------------------+-----
Polearms       | 1 2 3 4 5 7 8 11 13 14 16 | 16.0
Stealth        | 2 |  2.0
Armour         | 3 6 7 10 11 | 11.8
Fighting       | 4 7 9 10 12 | 12.5
Evocations     | 5 7 9 12 14 15 | 15.0
Dodging        | 4 6 9 10 | 10.0
Invocations    | 5 8 12 | 12.0

Action                     |  1- 3 |  4- 6 |  7- 9 | 10-12 | 13-15 | 16-18 || total
---------------------------+-------+-------+-------+-------+-------+-------++-------
  Melee: Club              |    15 |       |       |       |       |       ||    15
         Spear             |    90 |   159 |   157 |       |       |       ||   406
         Trident           |       |    11 |   111 |   312 |    12 |       ||   446
         Halberd           |       |       |       |   562 |  1028 |   948 ||  2538
         Constrict         |       |       |       |       |   178 |   115 ||   293
 Invoke: Recall Ancestor   |       |       |     2 |    11 |     5 |     3 ||    21
         Ancestor Life: Kn |       |       |     1 |       |       |       ||     1
         Idealise          |       |       |       |       |       |     4 ||     4
Ability: Spit Poison       |     7 |    34 |    15 |       |       |       ||    56
  Evoke: Wand              |       |     6 |       |     4 |     7 |     6 ||    23
         Sack of spiders   |       |       |       |       |     3 |       ||     3
    Use: Potion            |       |     1 |     1 |     1 |       |     2 ||     5
         Scroll            |       |       |       |    18 |    10 |     9 ||    37
   Stab: Sleeping          |     1 |     4 |     3 |     2 |     6 |     3 ||    19
         Distracted        |       |       |     2 |     3 |    10 |     4 ||    19
         Paralysed         |       |       |       |       |     2 |       ||     2
         Held in net/web   |       |       |       |       |     1 |       ||     1
         Invisible         |       |       |       |       |       |     1 ||     1
 Armour: Leather armour    |    45 |    51 |   122 |   597 |   150 |       ||   965
         Ring mail         |    28 |    56 |       |       |       |       ||    84
         Acid dragon scale |       |       |       |       |   444 |   674 ||  1118
  Dodge: Dodged            |    37 |    59 |    67 |   317 |   210 |   256 ||   946

Table legend: (Time is in decaauts)
 A = Elapsed time spent in this place.
 B = Non-inter-level travel time spent in this place.
 C = Inter-level travel time spent in this place.
 D = Time resting spent in this place.
 E = Time spent auto-exploring this place.
 F = Levels seen in this place.
 G = Mean time per level.
                   A        B        C        D        E       F      G
               +--------+--------+--------+--------+--------+-----+--------+
         Total |  43443 |  39824 |   3619 |   4761 |  28737 |  28 | 1551.5 |
       Dungeon |  24113 |  21770 |   2343 |   2619 |  15529 |  15 | 1607.5 |
        Temple |     53 |      1 |     52 |      0 |      0 |   1 |   53.0 |
          Lair |   7530 |   7213 |    317 |    200 |   5878 |   5 | 1506.0 |
     Snake Pit |   9297 |   8573 |    724 |   1820 |   5621 |   4 | 2324.2 |
  Orcish Mines |   2156 |   1975 |    181 |    121 |   1568 |   2 | 1078.0 |
        Bailey |    292 |    292 |      0 |      0 |    139 |   1 |  292.0 |
               +--------+--------+--------+--------+--------+-----+--------+

Top non-repeatable levels by time:
    D:12: 3243 daAuts
 Snake:3: 2719 daAuts
 Snake:2: 2650 daAuts
    D:14: 2247 daAuts
    D:15: 2188 daAuts
     D:9: 2127 daAuts
 Snake:1: 2097 daAuts
 Snake:4: 1829 daAuts
  Lair:5: 1780 daAuts
     D:8: 1624 daAuts
    D:11: 1621 daAuts
  Lair:4: 1576 daAuts
  Lair:3: 1537 daAuts
  Lair:1: 1515 daAuts
     D:2: 1498 daAuts
